 Dungeon Crawl Stone Soup version 0.31.0-9-g3a7656b989 (webtiles) character file.

Game seed: 15621878526012579548

65 qw the Shooter (level 3, 0/20 HPs)
             Began as a Deep Elf Hunter on Feb 2, 2024.
             Slain by an adder (4 damage)
             ... on level 4 of the Dungeon.
             The game lasted 00:00:06 (1844 turns).

qw the Shooter (Deep Elf Hunter)                    Turns: 1844, Time: 00:00:07

Health: 0/20       AC:  5    Str: 10    XL:     3   Next: 94%
Magic:  5/5        EV: 11    Int: 13    God:
Gold:   114        SH:  0    Dex: 18    Spells: 2/2 levels left

rFire   + . .        a - +0 shortbow
rCold   . . .        (shield currently unavailable)
rNeg    . . .        i - +0 ring mail
rPois   .            (no helmet)
rElec   .            (no cloak)
rCorr   .            (no gloves)
SInv    .            (no boots)
Will    .....        (no amulet)
Stlth   +            c - ring of protection from fire
HPRegen 0.23/turn    (no ring)
MPRegen 0.09/turn

%: no passive effects
@: no status effects
A: no striking features
a: no special abilities


You were on level 4 of the Dungeon.
You visited 1 branch of the dungeon, and saw 4 of its levels.

You collected 170 gold pieces.
You spent 56 gold pieces at shops.


   Skills:
 - Level 1.5 Fighting
 + Level 7.4 Ranged Weapons
 - Level 2.4 Dodging
 - Level 1.2 Stealth


You had 2 spell levels left.
You didn't know any spells.
Your spell library was empty.

Inventory:

Hand Weapons
 a - a +0 shortbow (weapon)
Armour
 i - a +0 ring mail (worn)
Jewellery
 c - a ring of protection from fire (left hand)
Potions
 b - a potion of mutation {unknown}
 d - a potion of haste
 f - 4 potions of curing
 h - a potion of heal wounds

Dungeon Overview and Level Annotations

Branches:
Dungeon (4/15)
 Temple: D:4-7

Altars:
Hepliaklqana
Wu Jian

Shops:
D:3 [


Message History

There are monsters nearby!
Waypoint 3 assigned to D:4.
1832 ||| RETREEEEATING.
You shoot an arrow. The arrow hits the orc!
You kill the orc!
You shoot an arrow. The arrow closely misses the orc.
The arrow hits the orc but does no damage.
An adder comes into view.
1835 ||| RETREEEEATING.
You shoot an arrow. The adder hisses angrily.
The arrow hits the orc.
The orc is lightly wounded.
You shoot an arrow. The arrow hits the orc.
The orc is moderately wounded.
The orc barely misses you. x2
You shoot an arrow. The arrow hits the orc!
You kill the orc!
The orc closely misses you.
You shoot an arrow. The arrow barely misses the orc.
The arrow barely misses the adder.
The orc closely misses you. x2
You shoot an arrow. The arrow misses the adder.
The adder barely misses you.
The orc hits you from afar with a +0 trident.
The orc misses you. The adder barely misses you.
The orc hits you from afar with a +0 trident.
You shoot an arrow. The arrow closely misses the adder.
The adder barely misses you. The orc barely misses you.
The orc hits you but does no damage.
You shoot an arrow.
The arrow hits the adder but does no damage.
The adder bites you but does no damage. The orc closely misses you. x2
The adder bites you but does no damage.
You shoot an arrow. The arrow misses the adder.
The adder bites you. The orc hits you with a +0 hand axe.
The orc barely misses you.
You shoot an arrow. The arrow closely misses the adder.
The adder barely misses you. The orc hits you with a +0 hand axe.
The orc barely misses you. The adder bites you.
You die...

#.....
..#.. ....
... ..##
#..#
#..######..
#@#.......
#oSo...#
##o....#
##....#
....# ..).#
o...#
o.....
####..


You could see an adder and 3 orcs.

Vanquished Creatures
  3 adders
  A ribbon worm (D:3)
  A dart slug (D:2)
  2 orcs (D:4)
  2 endoplasms
  A giant cockroach (D:1)
  3 goblins
  3 hobgoblins
  4 kobolds
  2 quokkas
  4 ball pythons
  4 bats
  A frilled lizard (D:2)
  2 rats
33 creatures vanquished.

Notes
Turn   | Place    | Note
-------+----------+-------------------------------------------
     0 | D:1      | qw the Deep Elf Hunter began the quest for the Orb.
     0 | D:1      | Reached XP level 1. HP: 12/12 MP: 3/3
     0 | D:1      | 0 ||| qw: Version: 0.3-a-155-g5e7d8dd
     0 | D:1      | 0 ||| qw: Game counter: 2625
     0 | D:1      | 0 ||| qw: Melee chars always use a shield: true
     0 | D:1      | 0 ||| qw: God list: Okawaru
     0 | D:1      | 0 ||| qw: Allow faded altars: false
     0 | D:1      | 0 ||| qw: Do Orc after clearing Dungeon:15 true
     0 | D:1      | 0 ||| qw: Do second Lair branch before Depths: true
     0 | D:1      | 0 ||| qw: Lair rune preference: random
     0 | D:1      | 0 ||| qw: Goals: Normal
     0 | D:1      | 0 ||| PLANNING D:1-11
   272 | D:1      | Reached skill level 6 in Ranged Weapons
   272 | D:1      | Reached XP level 2. HP: 16/16 MP: 4/4
   276 | D:1      | Found a faded altar of an unknown god.
   370 | D:1      | 370 ||| UPGRADING to +0 scale mail.
   380 | D:1      | 380 ||| DROPPING +0 leather armour.
   381 | D:1      | 381 ||| READING scroll labelled ASEPIATHON.
   381 | D:1      | 381 ||| IDENTIFYING 3 murky amethyst potions
   382 | D:1      | 382 ||| READING scroll labelled TADDEE OTHAIH.
   483 | D:1      | 483 ||| READING scroll labelled ISEACV VARCH.
   484 | D:1      | 484 ||| DROPPING scroll of butterflies.
   519 | D:2      | Found an ornate altar of the Wu Jian Council.
   863 | D:2      | Reached XP level 3. HP: 18/20 MP: 5/5
  1080 | D:2      | 1080 ||| UPGRADING to ring of protection from fire.
  1081 | D:2      | 1081 ||| READING scroll labelled MUANI QAINLACW.
  1086 | D:2      | 1086 ||| DRINKING 2 sedimented blue potions.
  1087 | D:2      | 1087 ||| DRINKING 2 black potions.
  1210 | D:3      | Reached skill level 7 in Ranged Weapons
  1212 | D:3      | Found a hazy altar of Hepliaklqana.
  1363 | D:3      | Found Ruupon's Armour Boutique.
  1370 | D:3      | 1370 ||| BUYING +0 ring mail (56 gold).
  1370 | D:3      | Bought a +0 ring mail for 56 gold pieces
  1370 | D:3      | 1370 ||| SHOPLISTING +2 leather armour "Halla" {rC+++
                  | Regen+ Int+3 Stlth+} (883 gold, have 49).
  1370 | D:3      | 1370 ||| SHOPLISTING +2 robe "Cakhluty" {rF+} (345 gold,
                  | have 49).
  1370 | D:3      | 1370 ||| SHOPLISTING +3 pair of gauntlets of War {Slay+5}
                  | (665 gold, have 49).
  1787 | D:3      | 1787 ||| UPGRADING to +0 ring mail.
  1797 | D:3      | 1797 ||| DROPPING +0 scale mail.
  1798 | D:3      | 1798 ||| READING scroll labelled IHISEUKHOA.
  1832 | D:4      | 1832 ||| RETREEEEATING.
  1835 | D:4      | 1835 ||| RETREEEEATING.
  1844 | D:4      | HP: 4/20 [orc/+0 hand axe (2)]
  1844 | D:4      | Slain by an adder

Levels and vault maps discovered:
D:1:      co_arrival_square_in_a_square_in_a_square, layout_rooms,
          basic_ecumenical_altar
D:2:      layout_loops_ring, basic_altar, supply_closet_lemuel,
          minmay_misc_feat_x
D:3:      layout_loops_cross, lemuel_tele_altar, serial_shops, shop,
          kennysheep_path_1, hex_tiny
D:4:      layout_rooms, lemuel_crystal_altar, minmay_temple_entry_offerings,
          kennysheep_cross_bottleneck, minmay_goblin_outpost

Skill      XL: |  1  2  3 |
---------------+----------+-----
Ranged Weapons | 6 7 |  7.4
Fighting       | |  1.5
Dodging        | |  2.4
Stealth        | |  1.2

Action                     || total
---------------------------++-------
   Fire: Shortbow          ||   110
    Use: Scroll            ||     5
         Potion            ||     2
 Armour: Leather armour    ||    10
         Scale mail        ||    27
         Ring mail         ||     9
  Dodge: Dodged            ||    45

Table legend:
 A = Non-vault XP
 B = Vault XP
 C = Vault XP percentage of total XP
 D = Non-vault monster count
 E = Vault monster count
 F = Vault count percentage of total count
                 A         B        C        D         E       F
            +---------+---------+-------+---------+---------+-------
      Total |      94 |       0 |   0.0 |      33 |       0 |   0.0
            +---------+---------+-------+---------+---------+-------
        D:1 |      15 |       0 |   0.0 |       9 |       0 |   0.0
        D:2 |      45 |       0 |   0.0 |      13 |       0 |   0.0
        D:3 |      28 |       0 |   0.0 |       9 |       0 |   0.0
        D:4 |       6 |       0 |   0.0 |       2 |       0 |   0.0
            +---------+---------+-------+---------+---------+-------
